AoeStats
← 小肥猪

Fortress

510086307Analyzed
4v4 RM · 3d ago on Sep 29, 2026· 45m 39s· 8 players
Game mode
Random Map
Map size
Huge
Population
200
Speed
Normal
Resources
Standard
Victory
Conquest
Starting age
Dark Age
Ending age
Imperial Age
RankedLock teamsTeams togetherTeam positionsShared explorationLock speedFull tech treeHidden civsTurbo modeCheats
Victory
Defeat
🇨🇦 Poles · Canada
1705
+7
🇺🇸 Bengalis · United States
1692
+7
🇩🇰 Saxons · Denmark
1555
+12
🇷🇪 Malay · Réunion
1231
+23
🇺🇸 Franks · United States
1492
-13
🇫🇷 Persians · France
1472
-13
🇫🇷 Byzantines · France
1451
-12
🇪🇨 Ethiopians · Ecuador
1441
-11
JOK3R_LSR
7:24 Feudal Age
9:09 Double-Bit Axe
11:25 Castle Age
9:54 Horse Collar
15:45 Bow Saw
16:30 Heavy Plow
17:40 Wheelbarrow
19:17 Stone Mining
20:49 Hand Cart
26:07 Imperial Age
24:38 Scale Barding Armor
24:44 Forging
25:35 Bloodlines
25:25 Husbandry
26:08 Chain Barding Armor
26:18 Gold Mining
27:05 Iron Casting
27:28 Heavy Camel Rider
28:58 Plate Barding Armor
30:04 Gold Shaft Mining
31:33 Caravan
34:38 Stone Shaft Mining
35:06 Town Watch
35:06 Loom
36:38 Blast Furnace
38:12 Light Cavalry
40:45 Cavalier
42:44 Savar
antorse31
6:39 Feudal Age
7:54 Loom
11:00 Castle Age
9:17 Double-Bit Axe
12:06 Horse Collar
14:06 Bow Saw
18:44 Wheelbarrow
18:32 Heavy Plow
20:06 Scale Barding Armor
23:45 Hand Cart
27:37 Imperial Age
25:20 Fletching
25:51 Padded Archer Armor
26:18 Bodkin Arrow
26:09 Elite Skirmisher
27:43 Ballistics
28:08 Thumb Ring
28:22 Bracer
29:15 Conscription
31:28 Leather Archer Armor
33:55 Chemistry
33:51 Caravan
35:03 Ring Archer Armor
36:16 Pikeman
36:57 Squires
36:19 Elite Varangian Guard
37:02 Scale Mail Armor
38:19 Chain Mail Armor
38:14 Forging
38:07 Squires
42:41 Plate Mail Armor
42:47 Iron Casting
43:28 Gambesons
44:49 Arson
[ECU] QUITUS
8:25 Feudal Age
9:24 Loom
12:08 Castle Age
10:00 Horse Collar
10:16 Double-Bit Axe
11:06 Gold Mining
11:36 Forging
19:09 Scale Mail Armor
24:32 Wheelbarrow
24:33 Squires
29:28 Arson
30:02 Chain Mail Armor
31:04 Bow Saw
31:33 Iron Casting
35:31 Imperial Age
34:13 Heavy Plow
35:39 Halberdier
36:53 Plate Mail Armor
39:55 Blast Furnace
41:42 Fletching
41:53 Padded Archer Armor
42:42 Bodkin Arrow
44:32 Hand Cart
43:47 Crossbowman
小肥猪
7:20 Feudal Age
11:08 Castle Age
8:56 Double-Bit Axe
12:44 Bow Saw
18:07 Wheelbarrow
18:32 Gold Mining
19:25 Scale Mail Armor
24:11 Imperial Age
22:45 Gold Shaft Mining
22:01 Stone Mining
22:27 Husbandry
22:31 Loom
23:50 Hand Cart
23:20 Town Watch
23:45 Scale Barding Armor
23:52 Forging
24:14 Cavalier
25:18 Conscription
25:21 Chain Barding Armor
26:23 Devotion
27:02 Plate Barding Armor
27:55 Paladin
28:59 Stone Mining
29:54 Iron Casting
33:22 Blast Furnace
33:46 Caravan
35:00 Faith
41:32 Coinage
43:06 Chivalry
Lord Longshaft
7:10 Feudal Age
7:52 Double-Bit Axe
11:14 Castle Age
9:17 Horse Collar
12:23 Bow Saw
12:51 Heavy Plow
12:57 Loom
18:35 Wheelbarrow
18:25 Stone Mining
19:42 Fletching
32:18 Fortified Wall
33:28 Gold Mining
34:27 Treadmill Crane
37:21 Imperial Age
37:27 Imperial Age
36:10 Sanctity
35:51 Bodkin Arrow
35:56 Padded Archer Armor
35:19 Crossbowman
37:33 Leather Archer Armor
37:41 Ballistics
39:25 Chemistry
38:38 Guilds
38:33 Bracer
39:04 Ring Archer Armor
38:54 Siege Engineers
39:25 Thumb Ring
38:41 Arbalester
40:35 Hand Cart
40:07 Town Watch
41:32 Elite Skirmisher
42:50 Guard Tower
43:11 Masonry
43:05 Scale Mail Armor
43:15 Forging
44:09 Keep
43:09 Cranequins
44:58 Hoardings
Benitto Burrito
8:27 Feudal Age
9:00 Horse Collar
11:59 Castle Age
10:53 Double-Bit Axe
14:23 Bow Saw
15:15 Heavy Plow
19:21 Scale Barding Armor
19:26 Forging
19:14 Gold Mining
20:49 Szlachta Privileges
20:48 Husbandry
22:19 Bloodlines
24:19 Wheelbarrow
23:30 Loom
23:31 Town Watch
25:18 Hand Cart
25:44 Chain Barding Armor
26:01 Iron Casting
25:16 Fletching
29:07 Imperial Age
28:09 Light Cavalry
30:31 Crop Rotation
29:27 Cavalier
30:34 Conscription
31:47 Blast Furnace
33:41 Lechitic Legacy
33:50 Winged Hussar
Thundernips, The Ultimate Gigolo
7:16 Feudal Age
8:11 Double-Bit Axe
11:07 Castle Age
8:58 Horse Collar
12:41 Bow Saw
13:00 Heavy Plow
14:16 Wheelbarrow
17:21 Hand Cart
18:35 Gold Mining
19:02 Fletching
19:45 Bodkin Arrow
20:27 Padded Archer Armor
21:48 Husbandry
23:08 Ballistics
23:03 Bloodlines
23:08 Paiks
24:14 Leather Archer Armor
27:18 Imperial Age
26:49 Loom
27:19 Scale Barding Armor
27:25 Forging
28:12 Bracer
29:15 Chemistry
28:23 Bracer
29:06 Gold Shaft Mining
28:19 Elite Elephant Archer
29:57 Ring Archer Armor
30:47 Chain Barding Armor
29:50 Elite Battle Elephant
31:05 Devotion
31:27 Caravan
32:59 Plate Barding Armor
33:00 Iron Casting
32:30 Pikeman
33:10 Squires
34:09 Masonry
34:05 Siege Engineers
34:14 Fortified Wall
33:55 Guard Tower
33:50 Arrowslits
35:48 Guilds
35:31 Halberdier
36:14 Scale Mail Armor
37:16 Blast Furnace
36:17 Scale Mail Armor
37:00 Architecture
36:45 Fervor
37:53 Two-Man Saw
37:24 Crop Rotation
38:11 Siege Elephant
39:32 Chain Mail Armor
39:48 Conscription
40:54 Block Printing
40:59 Sanctity
41:05 Illumination
41:15 Theocracy
41:05 Illumination
41:15 Theocracy
41:34 Murder Holes
42:15 Keep
43:37 Coinage
45:00 Arson
Heinrich Joseph
7:08 Feudal Age
6:42 Double-Bit Axe
7:47 Horse Collar
13:50 Castle Age
18:19 Imperial Age
16:22 Gold Mining
20:16 Forging
21:09 Bow Saw
21:46 Heavy Plow
23:25 Sanctity
25:37 Gold Shaft Mining
25:23 Block Printing
25:53 Wheelbarrow
25:07 Loom
25:07 Town Watch
27:08 Redemption
28:33 Scale Barding Armor
29:30 Atonement
30:24 Husbandry
33:07 Hand Cart
34:11 Elite Battle Elephant
38:18 Iron Casting
40:57 Masonry
41:19 Siege Engineers
42:29 Pikeman
44:11 Blast Furnace
43:29 Halberdier
Connection lost

Rejoining the realm…

Still unreachable

The connection could not be restored.

Session expired

The server has moved on; the page needs a fresh start.